 Dungeon Crawl Stone Soup version 0.25-a0-855-g681bda5bb4 (webtiles) character file.

Game seed: 9698763923880126973, levelgen mode: deterministic

13 Maedhros the Firebug (level 2, -2/17 HPs)
             Began as an Octopode Wanderer on Apr 25, 2020.
             Slain by a jackal (3 damage)
             ... on level 1 of the Dungeon on Apr 26, 2020.
             The game lasted 00:01:13 (186 turns).

Maedhros the Firebug (Octopode Wanderer)             Turns: 186, Time: 00:01:14

Health: -2/17      AC:  1    Str:  9    XL:     2   Next: 37%
Magic:  5/5        EV: 13    Int: 17    God:
Gold:   5          SH:  0    Dex: 10    Spells: 5/5 levels left

rFire    . . .     SeeInvis .   a - +0 dagger
rCold    . . .     Gourm    .   (no shield)
rNeg     . . .     Faith    .   (helmet restricted)
rPois    .         Spirit   .   (no amulet)
rElec    .         Reflect  .   (no ring)
rCorr    .         Harm     .   (no ring)
MR       .....                  (no ring)
Stlth    +++.......             (no ring)
HPRegen  0.05/turn              (no ring)
MPRegen  0.09/turn              (no ring)
                                (no ring)
                                (no ring)

@: flying
A: almost no armour, stealthy swim, amphibious, 8 rings, constrict 8, camouflage
1, gelatinous body 1
a: no special abilities


You were on level 1 of the Dungeon.
You were not hungry.

You visited 1 branch of the dungeon, and saw 1 of its levels.

You collected 5 gold pieces.

Inventory:

Hand Weapons
 a - a +0 dagger (weapon)
Comestibles
 f - a ration


   Skills:
 - Level 1.0 Throwing
 + Level 1.8 Dodging
 + Level 1.6 Stealth
 - Level 2.0 Spellcasting
   Level 4.0 Fire Magic
   Level 2.4 Poison Magic


You had 5 spell levels left.
You didn't know any spells.
Your spell library contained the following spells:

 Spells                   Type           Power        Failure   Level  Hunger
 Foxfire                  Conj/Fire      #...         9%          1    #......
 Shock                    Conj/Air       #...         19%         1    #......
 Conjure Flame            Conj/Fire      #.......     26%         3    ###....
 Inner Flame              Hex/Fire       #.......     26%         3    ###....
 Mephitic Cloud           Conj/Pois/Air  #.......     38%         3    ###....
 Sticky Flame             Conj/Fire      #.......     63%         4    #####..
 Fireball                 Conj/Fire      #.........   93%         5    ######.


Dungeon Overview and Level Annotations

Branches:
Dungeon (1/15)

Altars:


Innate Abilities, Weirdness & Mutations

You cannot wear most types of armour.
You are very stealthy in the water. (Stealth+)
You are amphibious.
You can wear up to eight rings at the same time.
You can use your tentacles to constrict eight enemies at once.
Your skin changes colour to match your surroundings (Stealth+).
Your rubbery body absorbs attacks. (AC +1, EV +1)


Message History

You hit the jackal but do no damage. Your grab misses the jackal.
The jackal bites you.
* * * LOW HITPOINT WARNING * * *
You closely miss the jackal. You grab the jackal.
You constrict the jackal, but do no damage.
The jackal misses you.
You hit the jackal.
The jackal is moderately wounded.
You constrict the jackal. The jackal barely misses you. The jackal bites you.
* * * LOW HITPOINT WARNING * * *
You hit the jackal.
You kill the jackal!
You completely miss the jackal. You grab the jackal.
You constrict the jackal, but do no damage.
The jackal bites you.
* * * LOW HITPOINT WARNING * * *
You barely miss the jackal.
You constrict the jackal, but do no damage.
The jackal bites you.
You die...

............###############
.......†....##........)...#
............##............#
.!..........##............#
............##............#
............##............#
............##............#
............##............#
..(.......[.h@...†........#
##############........)...#
##.......## #............#
####....<....#######.#########
..................##.####
.⌠....##+##....⌠...#....#
......#...#........#....#
......'8.8+........#....#
########'###########....#######


You could see a jackal.

Vanquished Creatures
  An ooze (D:1)
  A ball python (D:1)
  A goblin (D:1)
  3 jackals (D:1)
  A frilled lizard (D:1)
  A rat (D:1)
8 creatures vanquished.

Notes
Turn   | Place    | Note
-------+----------+-------------------------------------------
     0 | D:1      | Maedhros the Octopode Wanderer began the quest for the Orb.
     0 | D:1      | Maedhros set off with the following items: a +0 dagger, a
                  | potion of curing, a ration; and the following spells
                  | available to memorise: Foxfire, Shock, Conjure Flame, Inner
                  | Flame, Mephitic Cloud, Sticky Flame, Fireball
     0 | D:1      | Reached XP level 1. HP: 11/11 MP: 3/3
    77 | D:1      | Reached skill level 1 in Dodging
   124 | D:1      | Reached XP level 2. HP: 13/17 MP: 5/5
   167 | D:1      | Upgraded the game from 0.25-a0-842-g81a31cfd23 to
                  | 0.25-a0-855-g681bda5bb4
   186 | D:1      | Slain by a jackal

Levels and vault maps discovered:
D:1:      giann_wishing_wells, layout_basic

Skill      XL: |  1 |
---------------+----+-----
Dodging        | 1 |  1.8
Throwing       | |  1.0
Stealth        | |  1.6
Spellcasting   | |  2.0
Fire Magic     | |  4.0
Poison Magic   | |  2.4

Action                   || total
-------------------------++-------
Melee: Dagger            ||    29
       Constrict         ||     6
       Tentacles         ||     3
  Use: Potion            ||     2
Armor: Skin              ||     2
Dodge: Dodged            ||    24

Table legend:
 A = Non-vault XP
 B = Vault XP
 C = Vault XP percentage of total XP
 D = Non-vault monster count
 E = Vault monster count
 F = Vault count percentage of total count
                 A         B        C        D         E       F
            +---------+---------+-------+---------+---------+-------
      Total |      19 |       0 |   0.0 |       8 |       0 |   0.0
            +---------+---------+-------+---------+---------+-------
        D:1 |      19 |       0 |   0.0 |       8 |       0 |   0.0
            +---------+---------+-------+---------+---------+-------
